 Dungeon Crawl Stone Soup version 0.30-a0-23-ge60ba3568b (webtiles) character file.

Game seed: 14909055358990017317

20 Sobieck the Sneak (level 2, 0/15 HPs)
             Began as a Vine Stalker Brigand on Aug 25, 2022.
             Slain by a kobold
             ... wielding a +0 short sword
              (2 damage)
             ... on level 1 of the Dungeon.
             The game lasted 00:01:20 (508 turns).

Sobieck the Sneak (Vine Stalker Brigand)             Turns: 508, Time: 00:01:20

Health: 0/15       AC:  3    Str: 13    XL:     2   Next: 79%
Magic:  0/3        EV: 11    Int: 11    God:
Gold:   39         SH:  0    Dex: 15    Spells: 1/1 levels left

rFire   . . .      SeeInvis .    k - +2 whip (elec) {mace}
rCold   . . .      Faith    .    (no shield)
rNeg    . . .      Spirit   +    b - +0 robe
rPois   .          Reflect  .    (no helmet)
rElec   .          Harm     .    c - +0 cloak
rCorr   .          Rampage  .    (no gloves)
Will    .....                    (no boots)
Stlth   +++.......               (no amulet)
HPRegen 0.05/turn                (no ring)
MPRegen 0.08/turn                (no ring)

@: no status effects
A: fangs 2, magic shield, antimagic bite, no potion heal 2
a: no special abilities


You were on level 1 of the Dungeon.
You visited 1 branch of the dungeon, and saw 1 of its levels.

You collected 39 gold pieces.


Innate Abilities, Weirdness & Mutations

You have extremely sharp teeth.
When hurt, damage is shared between your health and your magic reserves.
Your bite disrupts and absorbs the magic of your enemies.
Potions cannot restore your health.


   Skills:
 + Level 2.2 Fighting
 + Level 2.2 Short Blades
 - Level 1.7 Throwing
 - Level 0.7 Dodging
 + Level 5.2 Stealth


You had one spell level left.
You didn't know any spells.
Your spell library was empty.

Inventory:

Hand Weapons
 a - a +2 dagger {short}
 f - a +0 short sword {short}
   (You found it on level 1 of the Dungeon)
 k - a +2 whip of electrocution (weapon) {mace}
   (You took it off a kobold on level 1 of the Dungeon)
Missiles
 d - 13 poisoned darts (quivered) {throwing}
 e - 3 curare-tipped darts {=fthrowing}
Armour
 b - a +0 robe (worn)
 c - a +0 cloak (worn)
 j - a +0 robe
   (You found it on level 1 of the Dungeon)
Scrolls
 g - a scroll of identify {unknown}
 i - a scroll of noise {unknown}
 l - a scroll of vulnerability {unknown}
Potions
 h - a potion of degeneration {unknown}

Dungeon Overview and Level Annotations

Branches:
Dungeon (1/15) Zot: 5493

Altars:

Shops:
D:1 ! #.. ..g.$.......... #># .g............. #.# ............. ##. ........... ### ## #.......# ####.# # #....r# #.##.# ## #KgJ#

#.##.# #. #######@#
####.#..# ## ........#
#.......## #
#######.###.##.##..#####
#.>.....###.#.....
#####.##.##......#
#.###.#.#....#
#.####..####.# #.......#
#.. ######### ###


You could see a gnoll, an endoplasm, 2 goblins, a kobold and a rat.


Message History

You see here a rat corpse.
You now have 25 gold pieces (gained 14).
A kobold and a ball python come into view.
Danger!
The kobold shouts!
The ball python hisses angrily.
You hear a shout!
The ball python closely misses you. x2
You hit the ball python.
You kill the ball python!
A kobold comes into view.
It is wielding a +2 whip of electrocution.
You hit the kobold.
You kill the kobold!
The kobold hits you with a +2 whip of electrocution.
You are too injured to fight recklessly!
You are too injured to fight recklessly!
You are too injured to fight recklessly!
You barely miss the kobold. You bite the kobold.
You kill the kobold!
A rat comes into view.
Things that are here:
a +2 whip of electrocution {mace}; a kobold corpse Danger!
You are too injured to fight recklessly!
You are too injured to fight recklessly!
A bat comes into view.
The bat moves out of view.
You are too injured to fight recklessly!
Found Qarec's Distillery.
The rat closely misses you.
You are too injured to fight recklessly!
You hit the rat but do no damage. You bite the rat.
You kill the rat!
You see here a rat corpse.
k - a +2 whip of electrocution {mace} You see here a kobold corpse.
There are no objects that can be picked up here. a kobold corpse Unknown command.
Okay, then.
Unknown command.
You hear the crackle of electricity.
k - a +2 whip of electrocution (weapon)
{mace} Unknown command.
Unknown command.
A bat is nearby!
Danger!
You are too injured to fight recklessly!
You are too injured to fight recklessly!
No target in view!
No target in view!
You start resting.
A bat is nearby!
Danger!
You hit the bat. Your bite misses the bat. The bat closely misses you.
The bat hits you but does no damage.
You hit the bat. Lightning courses through the bat!
You kill the bat!
No target in view!
No target in view!
l - a scroll labelled DURUT ZIMICAD Unknown command.
You see here a kobold corpse.
You see here a rat corpse.
There is an abandoned shop here.
There is an entrance to Qarec's Distillery here.
You now have 39 gold pieces (gained 14).
There is an abandoned shop here.
You see here a rat corpse.
An endoplasm comes into view.
Found an escape hatch in the floor.
Danger!
The helpless endoplasm fails to defend itself.
You hit the endoplasm.
Lightning courses through the endoplasm!
You kill the endoplasm!
No target in view!
A gnoll comes into view. It is wielding a +0 spear.
There is an escape hatch in the floor here.
Danger!
The gnoll shouts!
You hear a shout!
The gnoll hits you from afar with a +0 spear.
You are too injured to fight recklessly!
Unknown command.
An endoplasm comes into view.
A rat comes into view.
A kobold comes into view. It is wielding a +0 short sword.
The gnoll hits you with a +0 spear.
Unknown command.
You closely miss the gnoll. Your bite misses the gnoll.
The gnoll hits you with a +0 spear.
* * * LOW HITPOINT WARNING * * *
You closely miss the gnoll. The gnoll hits you with a +0 spear.
* * * LOW HITPOINT WARNING * * *
Unknown command.
You barely miss the gnoll. Your bite misses the gnoll.
The gnoll completely misses you.
Unknown command.
You hit the gnoll but do no damage. The gnoll hits you with a +0 spear.
* * * LOW HITPOINT WARNING * * *
Unknown command.
You hit the gnoll. Lightning courses through the gnoll!
A goblin comes into view. It is wielding a +0 club. x2
The kobold hits you with a +0 short sword.
You die...

Skill      XL: |  1 |
---------------+----+-----
Fighting       | 2 |  2.2
Short Blades   | 2 |  2.2
Stealth        | 5 |  5.2
Throwing       | |  1.7
Dodging        | |  0.7

Action                   || total
-------------------------++-------
Melee: Dagger            ||    26
       Bite              ||     7
       Punch             ||     1
       Whip              ||     8
 Stab: Sleeping          ||     2
Armor: Robe              ||     6
Dodge: Dodged            ||    14

Levels and vault maps discovered:
D:1:      dpeg_arrival_arbitrary_b, layout_loops_ring,
          chequers_ecumenical_altar_simple, serial_shops,
          nicolae_shop_competitors_out_of_business,
          nicolae_concentric_dashed_squares_wild, nicolae_figureground_pulse

Notes
Turn   | Place    | Note
-------+----------+-------------------------------------------
     0 | D:1      | Sobieck the Vine Stalker Brigand began the quest for the
                  | Orb.
     0 | D:1      | Reached XP level 1. HP: 11/11 MP: 2/2
    56 | D:1      | Reached skill level 2 in Fighting
    56 | D:1      | Reached skill level 2 in Short Blades
    56 | D:1      | Reached skill level 5 in Stealth
    93 | D:1      | Reached XP level 2. HP: 11/15 MP: 3/3
   324 | D:1      | Found Qarec's Distillery.
   505 | D:1      | HP: 3/15 [gnoll/+0 spear (4)]
   508 | D:1      | Slain by a kobold

Vanquished Creatures
  3 endoplasms (D:1)
  A giant cockroach (D:1)
  2 goblins (D:1)
  3 hobgoblins (D:1)
  A quokka (D:1)
  2 ball pythons (D:1)
  A bat (D:1)
  2 kobolds (D:1)
  3 rats (D:1)
18 creatures vanquished.

Table legend:
 A = Non-vault XP
 B = Vault XP
 C = Vault XP percentage of total XP
 D = Non-vault monster count
 E = Vault monster count
 F = Vault count percentage of total count
                 A         B        C        D         E       F
            +---------+---------+-------+---------+---------+-------
      Total |      29 |       0 |   0.0 |      18 |       0 |   0.0
            +---------+---------+-------+---------+---------+-------
        D:1 |      29 |       0 |   0.0 |      18 |       0 |   0.0
            +---------+---------+-------+---------+---------+-------

Illustrated notes

Table legend:
 A = Kills in this place as a percentage of kills in entire the game.
 B = Kills by you in this place as a percentage of kills by you in the entire game.
 C = Kills by friends in this place as a percentage of kills by friends in the entire game.
 D = Other kills in this place as a percentage of other kills in the entire game.
 E = Experience gained in this place as a percentage of experience gained in the entire game.
 F = Experience gained in this place divided by the number of levels of this place that you have seen.
                   A       B       C       D       E      F
               +-------+-------+-------+-------+-------+----------------------
         Total | 100.0 | 100.0 |   N/A |   N/A | 100.0 |  29.0
       Dungeon | 100.0 | 100.0 |   N/A |   N/A | 100.0 |  29.0
               +-------+-------+-------+-------+-------+----------------------

Table legend: (Time is in decaauts)
 A = Elapsed time spent in this place.
 B = Non-inter-level travel time spent in this place.
 C = Inter-level travel time spent in this place.
 D = Time resting spent in this place.
 E = Time spent auto-exploring this place.
 F = Levels seen in this place.
 G = Mean time per level.
                   A        B        C        D        E       F      G
               +--------+--------+--------+--------+--------+-----+--------+
         Total |    505 |    491 |     14 |     64 |    328 |   1 |  505.0 |
       Dungeon |    505 |    491 |     14 |     64 |    328 |   1 |  505.0 |
               +--------+--------+--------+--------+--------+-----+--------+

Top non-repeatable levels by time:
     D:1: 505 daAuts
